cohdb
Replays
Latest Replays
All Replays
Popular Replays
Top Player Replays
Match Explorer
How It Works
Community
CoH3 Stats
Reddit
Sign in to upload your games and track your stats! →
Sign in with Steam
Match 47514586
Unlisted
Match 47514586
Overview
Messages
Build Orders
End
Construct Infanterie Kompanie
Pioneer Squad
Grenadier Squad
MG 42 Machine Gun Team
GrW 34 Mortar Team
Construct Luftwaffe Kompanie
Selects Italian Coastal Battlegroup
Selects Italian Coastal Battlegroup
Selects Coastal Reserves
Coastal Reserve
Flak 30 Anti-aircraft Gun Team
Coastal Reserve
Coastal Reserve
Flak 30 Anti-aircraft Gun Team
Flak 30 Anti-aircraft Gun Team
Selects Artillery Officer
Selects Obice da 210/22 Artillery Emplacement
Pioneer Squad
Selects Support Bunkers
Construct Panzer Kompanie
Panzer IV Medium Tank
Grenadier Squad
Grenadier Squad
Panzer IV Medium Tank
Coastal Reserve
Selects Rapid Fortifications
xyz毑輒
elfen
HeartySundew364
GigaFrog
Belfegor ๏̯͡๏
Carecup
okinawa
风峣
0
0
Comments
sign in to comment!
No comments posted yet!